 Dungeon Crawl Stone Soup version 0.20-a0-633-gff4aa5c (webtiles) character file.

17376 kae the Fencer (level 12, -1/111 HPs)
             Began as a Minotaur Fighter on Feb 11, 2017.
             Was a High Priest of Okawaru.
             Killed from afar by an electric eel (3 damage)
             ... with a bolt of electricity
             ... on level 2 of the Lair of Beasts.
             The game lasted 00:14:28 (12362 turns).

kae the Fencer (Minotaur Fighter)                  Turns: 12362, Time: 00:14:29

Health: -1/111     AC: 13    Str: 27    XL:     12   Next: 18%
Magic:  16/16      EV:  8    Int:  7    God:    Okawaru [*****.]
Gold:   358        SH: 14    Dex: 11    Spells: 11/11 levels left

rFire    + . .     SeeInvis .   S - +4 scimitar "Ryurynge" {vamp, Str+2}
rCold    . . .     Gourm    .   b - +0 scale mail
rNeg     + . .     Faith    .   c - +0 shield
rPois    +         Spirit   .   (helmet restricted)
rElec    .         Reflect  +   p - +0 cloak
rCorr    .         Harm     .   (no gloves)
MR       .....                  O - +1 pair of boots
Stlth    ..........             y - +4 amulet of reflection
Regen    0.3/turn               Q - ring "Tigutuq" {+Fly rPois rF+ rN+}
                                n - +2 ring of strength

@: no status effects
A: retaliatory headbutt, horns 2
a: Heroism, Finesse, Renounce Religion, Evoke Flight


You were on level 2 of the Lair of Beasts.
You worshipped Okawaru.
Okawaru was extremely pleased with you.
You were not hungry.

You visited 3 branches of the dungeon, and saw 14 of its levels.

You collected 751 gold pieces.
You spent 393 gold pieces at shops.

Inventory:

Hand Weapons
 a - a +0 long sword
 q - a +6 falchion
 S - the +4 scimitar "Ryurynge" (weapon) {vamp, Str+2}
   (You found it on level 2 of the Lair of Beasts)

   It inflicts no extra harm, but heals its wielder when it wounds a living foe.
   It affects your strength (+2).
Armour
 b - a +0 scale mail (worn)
 c - a +0 shield (worn)
 h - a +0 pair of boots
 p - a +0 cloak (worn)
 O - a +1 pair of boots (worn)
Jewellery
 e - an uncursed ring of protection from cold
 m - an uncursed ring of protection from fire
 n - a +2 ring of strength (left hand)
 y - a +4 amulet of reflection (around neck)
 I - a +2 ring of intelligence
 Q - the ring "Tigutuq" (right hand) {+Fly rPois rF+ rN+}
   (You found it on level 11 of the Dungeon)

   [ring of flight]

   It protects you from fire.
   It protects you from poison.
   It protects you from negative energy.
   It lets you fly.
Wands
 x - a wand of digging (6/24)
 B - a wand of lightning (12/15)
 E - a wand of acid (10/15)
 M - a wand of random effects (22/48)
 R - a wand of disintegration (8/24)
Scrolls
 j - a scroll of fog
 o - 3 scrolls of remove curse
 r - 3 scrolls of blinking
 w - 2 scrolls of magic mapping
 D - 5 scrolls of teleportation
 K - a scroll of fear
 L - 3 scrolls of enchant weapon
 N - 2 scrolls of identify
Potions
 d - a potion of might
 g - 3 potions of haste
 k - 4 potions of curing
 s - a potion of mutation
 v - 4 potions of heal wounds
 z - a potion of agility
 A - 2 potions of lignification
 C - 4 potions of berserk rage
 F - 2 potions of flight
 G - a potion of brilliance
 H - a potion of magic
 J - 2 potions of invisibility {unknown}
 P - a potion of resistance
Books
 l - a book of Cantrips

   Spells                             Type                      Level
   a - Confusing Touch                Hexes                        1
   b - Animate Skeleton               Necromancy                   1
   c - Summon Small Mammal            Summoning                    1
   d - Apportation                    Translocation                1
Comestibles
 f - 10 bread rations
 i - 5 royal jellies
 t - 3 meat rations
 u - 9 fruits
 T - 4 chunks of flesh


   Skills:
 + Level 11.7 Fighting
 * Level 15.3 Long Blades
 + Level 11.5 Armour
 - Level 3.6 Shields
 * Level 7.1 Invocations


You had 11 spell levels left.
You didn't know any spells.

Dungeon Overview and Level Annotations

Branches:
Dungeon (11/15)            Temple (1/1) D:4            Lair (2/6) D:11
  Swamp (0/4) Lair:2          Orc (0/2) D:9
  Snake: Lair:2-4    Spider: Lair:2-4

Altars:
Ashenzari
Cheibriados
Dithmenos
Elyvilon
Fedhas
Gozag
Hepliaklqana
Kikubaaqudgha
Makhleb
Nemelex Xobeh
Okawaru
Qazlal
Ru
Sif Muna
Trog
Uskayaw
Vehumet
Xom
Yredelemnul
Zin
The Shining One

Shops:
D:5 !   D:10 *

Portals:
Trove: D:11 (give horn of Geryon)


Innate Abilities, Weirdness & Mutations

You reflexively headbutt those who attack you in melee.
You have a pair of horns on your head.


Message History

The electric eel shoots out a bolt of lightning at you!
The bolt of electricity hits the electric eel.
The electric eel completely resists.
The bolt of electricity hits you!
* * * LOW HITPOINT WARNING * * *
The electric eel shoots out a bolt of lightning at you!
The bolt of electricity hits you!
* * * LOW HITPOINT WARNING * * *
The electric eel shoots out a bolt of lightning at you!
The bolt of electricity hits the electric eel.
The electric eel completely resists.
The bolt of electricity hits you!
* * * LOW HITPOINT WARNING * * *
The electric eel shoots out a bolt of lightning at you!
The bolt of electricity hits you!
* * * LOW HITPOINT WARNING * * *
The electric eel shoots out a bolt of lightning at you!
The bolt of electricity misses you.
The electric eel shoots out a bolt of lightning at you!
The bolt of electricity hits the electric eel.
The electric eel completely resists.
The bolt of electricity hits you!
You die...

......##.....P
#.....#P.....##
#.............. .#
#..#P........# #+# ..#
#.##.........##..# ##..##
...............#+##.....#
.......................#
...................!...#
................@......#
.#...P###.....#.#.##....
###.P.# #...######.# ..?
###.#.###...##...?.......#
#.....##...#.............
##..).##.....#.......;≈≈..
#.....P##...##......;≈;;§.
#.....###...........;§§;;.
####.## #...P#......§§≈≈≈.


You could see 6 electric eels.

Vanquished Creatures
  2 two-headed ogres
  Pikel (D:5)
  An oklob plant (Lair:2)
  A manticore (D:7)
  A black mamba (Lair:1)
  A spiny frog (Lair:1)
  A komodo dragon (D:10)
  A polar bear (Lair:2)
  2 trolls (D:10)
  5 hippogriffs
  9 blink frogs (Lair:2)
  A spriggan (D:8)
  Sigmund (D:3)
  A wyvern (Lair:2)
  A vampire (D:11)
  Eustachio (D:4)
  10 yaks
  A hungry ghost (D:8)
  A steam dragon (D:10)
  Menkaure (D:5)
  Edmund (D:4)
  3 wargs (D:11)
  4 porcupines (Lair:1)
  6 water moccasins
  2 orc warriors
  A black bear (D:7)
  3 ice beasts
  4 slaves (D:5)
  Purgy (D:4)
  2 necrophages
  2 sky beasts
  A phantom (D:8)
  3 ogres
  5 centaurs
  5 crocodiles
  A big kobold (D:5)
  11 bullfrogs
  5 gnoll sergeants
  4 scorpions
  13 killer bees
  4 wights
  3 howler monkeys
  4 crimson imps
  3 bullfrog zombies
  4 jellies
  7 orc priests
  3 gnoll shamans (D:10)
  A bullfrog skeleton (D:10)
  8 hounds
  Crazy Yiuf (D:2)
  5 centaur skeletons
  7 iguanas
  Natasha (thrice) (D:3)
  9 orc wizards
  A hound skeleton (D:10)
  A worker ant zombie (D:9)
  Robin (D:3)
  7 adders
  31 gnolls
  A howler monkey skeleton (D:4)
  A shadow imp (D:9)
  2 oozes (D:1)
  2 adder skeletons
  A worm (D:3)
  3 dart slugs (D:1)
  5 leopard geckos
  33 orcs
  3 giant cockroaches
  20 goblins
  11 hobgoblins
  16 jackals
  2 quokkas
  2 bats (D:3)
  3 frilled lizards
  29 kobolds
  20 rats
377 creatures vanquished.

Vanquished Creatures (others)
  2 centaurs
  2 fungi
4 creatures vanquished.

Grand Total: 381 creatures vanquished

Notes
Turn   | Place    | Note
-------+----------+-------------------------------------------
     0 | D:1      | kae the Minotaur Fighter began the quest for the Orb.
     0 | D:1      | Reached XP level 1. HP: 19/19 MP: 0/0
   107 | D:1      | Reached XP level 2. HP: 27/27 MP: 1/1
   234 | D:1      | Reached skill level 3 in Long Blades
   424 | D:1      | Reached XP level 3. HP: 33/33 MP: 2/2
  1158 | D:2      | Found a runed door.
  1224 | D:2      | Noticed Crazy Yiuf
  1228 | D:2      | Killed Crazy Yiuf
  1228 | D:2      | Reached skill level 4 in Long Blades
  1228 | D:2      | Reached XP level 4. HP: 33/41 MP: 3/3
  1554 | D:3      | Noticed Natasha
  1574 | D:3      | Killed Natasha
  1575 | D:3      | Noticed Robin
  1592 | D:3      | Killed Robin
  1592 | D:3      | Reached XP level 5. HP: 26/47 MP: 4/4
  1703 | D:3      | Noticed Natasha
  1710 | D:3      | Killed Natasha
  1831 | D:3      | Reached skill level 5 in Fighting
  1918 | D:3      | Noticed Natasha
  1922 | D:3      | Killed Natasha
  1922 | D:3      | Reached skill level 5 in Long Blades
  1980 | D:3      | Reached skill level 5 in Armour
  1996 | D:3      | Noticed Sigmund
  2005 | D:3      | Killed Sigmund
  2005 | D:3      | Reached XP level 6. HP: 54/56 MP: 5/5
  2026 | D:3      | Reached skill level 6 in Long Blades
  2214 | D:3      | Found a sparkling altar of Nemelex Xobeh.
  2489 | D:4      | Found a staircase to the Ecumenical Temple.
  2513 | D:4      | Noticed Edmund
  2528 | D:4      | Killed Edmund
  2528 | D:4      | Reached XP level 7. HP: 51/62 MP: 6/6
  2554 | Temple   | Entered the Ecumenical Temple
  2899 | D:4      | Noticed Purgy
  2908 | D:4      | Killed Purgy
  2908 | D:4      | Reached skill level 7 in Long Blades
  2922 | D:4      | Noticed Eustachio
  2945 | D:4      | Killed Eustachio
  3286 | D:5      | Entered Level 5 of the Dungeon
  3319 | D:5      | Reached skill level 8 in Long Blades
  3572 | D:5      | Noticed Menkaure
  3573 | D:5      | Noticed Pikel
  3590 | D:5      | Killed Menkaure
  3590 | D:5      | Reached XP level 8. HP: 21/71 MP: 7/7
  3866 | D:5      | Killed Pikel
  3866 | D:5      | Reached skill level 9 in Long Blades
  4030 | D:5      | Found a sacrificial altar of Ru.
  4162 | D:5      | Found Biuso's Distillery.
  4172 | D:5      | Bought a potion of heal wounds for 55 gold pieces
  4172 | D:5      | Bought a potion of curing for 33 gold pieces
  4172 | D:5      | Bought a potion of lignification for 33 gold pieces
  4531 | D:5      | Found a basalt altar of Yredelemnul.
  4541 | D:5      | Reached skill level 10 in Long Blades
  4721 | D:6      | Reached XP level 9. HP: 81/81 MP: 8/8
  5308 | D:6      | Found a shattered altar of Ashenzari.
  5424 | D:7      | Reached skill level 11 in Long Blades
  5598 | D:7      | Found a sparkling altar of Nemelex Xobeh.
  5774 | D:7      | Found a snail-covered altar of Cheibriados.
  5774 | D:7      | Found an opulent altar of Gozag.
  5831 | D:7      | Noticed a manticore
  5845 | D:7      | Killed a manticore
  6432 | D:8      | Reached skill level 12 in Long Blades
  6450 | D:8      | Reached XP level 10. HP: 69/91 MP: 9/9
  6654 | D:8      | Noticed a two-headed ogre
  6663 | D:8      | Killed a two-headed ogre
  6712 | D:8      | Reached skill level 10 in Fighting
  6751 | D:8      | Found a hide-covered altar of Uskayaw.
  7077 | D:8      | Reached skill level 13 in Long Blades
  7077 | D:8      | Reached skill level 10 in Armour
  7303 | D:9      | Found an iron altar of Okawaru.
  7513 | D:9      | Found a deep blue altar of Sif Muna.
  7515 | D:9      | Became a worshipper of Warmaster Okawaru
  7544 | D:9      | Found a radiant altar of Vehumet.
  7688 | D:9      | Reached skill level 1 in Invocations
  7702 | D:9      | Found a shadowy altar of Dithmenos.
  7719 | D:9      | Found a staircase to the Orcish Mines.
  7766 | D:9      | Found a glowing silver altar of Zin.
  8074 | D:10     | Entered Level 10 of the Dungeon
  8232 | D:10     | Reached * piety under Okawaru
  8393 | D:10     | Noticed a two-headed ogre
  8404 | D:10     | Killed a two-headed ogre
  8404 | D:10     | Reached XP level 11. HP: 101/101 MP: 11/11
  8570 | D:10     | Found Ujifet's General Store.
  8578 | D:10     | Bought a scroll of identify for 26 gold pieces
  8578 | D:10     | Bought a scroll of enchant weapon for 97 gold pieces
  8578 | D:10     | Bought a +1 pair of boots for 149 gold pieces
  8641 | D:10     | Reached ** piety under Okawaru
  8948 | D:10     | Reached skill level 14 in Long Blades
  9412 | D:11     | Got a scorched tin ring
  9463 | D:11     | Noticed a five-headed hydra
 10125 | D:11     | Found a staircase to the Lair.
 10151 | D:11     | Found a portal to a secret trove of treasure.
 10216 | D:11     | Noticed a five-headed hydra
 10372 | Lair:1   | Entered Level 1 of the Lair of Beasts
 10395 | Lair:1   | Reached *** piety under Okawaru
 10788 | Lair:1   | Reached skill level 5 in Invocations
 11000 | Lair:1   | Reached **** piety under Okawaru
 11674 | Lair:2   | Identified the ring "Tigutuq" {+Fly rPois rF+ rN+} (You found it on level 11 of the Dungeon)
 11690 | Lair:2   | Reached skill level 15 in Long Blades
 11757 | Lair:2   | Got a dazzling scimitar
 11758 | Lair:2   | Identified the +4 scimitar "Ryurynge" {vamp, Str+2} (You found it on level 2 of the Lair of Beasts)
 11810 | Lair:2   | Reached XP level 12. HP: 98/110 MP: 15/15
 11938 | Lair:2   | Reached ***** piety under Okawaru
 12358 | Lair:2   | Found a staircase to the Swamp.
 12361 | Lair:2   | HP: 2/111 [electric eel/bolt of electricity (7)]
 12362 | Lair:2   | Killed from afar by an electric eel

Vault maps used:
D:1:      eino_arrival_water_star
D:2:      first_bread, minivault_4, uniq_crazy_yiuf_cottage
D:3:      overflow_temple_1_default, minmay_rat_hole, uniq_sigmund,
          uniq_natasha, uniq_robin
D:4:      minmay_temple_entry_statues_fountains, uniq_purgy, uniq_edmund,
          uniq_eustachio
D:5:      kennysheep_kobold_camp, nicolae_ru_awakened_eye,
          yredelemnul_altar_generic, serial_shops, shop, uniq_pikel,
          uniq_menkaure
D:6:      kennysheep_mini_moat
D:7:      amethyst_overflow_temple_binary, nemelex_spade_bored_becter
D:8:      nicolae_overflow_crystal_walls, the_bakery
D:9:      corexii_shack_village, minitemple, lemuel_doored_altar,
          grunt_dithmenos_shadows, orc_0_dummy
D:10:     serial_gnoll_camp, gnoll_camp_mini_hut, gnoll_camp_mini_loothouse,
          gnoll_camp_huts_basic, gnoll_camp_mini_basic, gnoll_camp_mini_shop,
          gnoll_camp_medium_01
D:11:     erik_lair_orcish_takeover, nicolae_trove_entry_diagonal, basic_altar
Temple:   chequers_temple_sunken
Lair:2:   minmay_swamp_entry_eels, grunt_megastairs_2

Skill      XL: |  1  2  3  4  5  6  7  8  9 10 11 12 |
---------------+-------------------------------------+-----
Long Blades    | 3 4 5 6 8 10 12 13 15 | 15.3
Fighting       | 4 5 6 8 9 10 11 | 11.7
Armour         | 4 5 6 7 9 10 11 | 11.5
Invocations    | 2 6 7 |  7.1
Shields        | |  3.6

Action                   |  1- 3 |  4- 6 |  7- 9 | 10-12 || total
-------------------------+-------+-------+-------+-------++-------
Melee: Long sword        |    75 |    15 |       |       ||    90
       Headbutt          |    14 |    18 |    56 |   151 ||   239
       Falchion          |       |   113 |   317 |   611 ||  1041
       Scimitar          |       |       |       |    65 ||    65
Throw: Throwing net      |       |       |       |     2 ||     2
Invok: Heroism           |       |       |       |     4 ||     4
  Use: Scroll            |       |     7 |    12 |     6 ||    25
       Potion            |       |     1 |     2 |       ||     3
 Stab: Held in net/web   |       |       |       |     1 ||     1
  Eat: Chunk             |       |     5 |    11 |    21 ||    37
       Fruit             |       |       |     1 |       ||     1
       Meat ration       |       |       |       |     1 ||     1
Armor: Scale mail        |    33 |    51 |   125 |   157 ||   366
Dodge: Dodged            |    21 |    24 |    80 |   133 ||   258
Block: Shield            |    34 |    63 |   168 |   371 ||   636
       Reflection        |       |       |     8 |    22 ||    30
       Rpst.: Long sword |     4 |       |       |       ||     4
       Falchion          |       |     4 |    21 |    28 ||    53
       Scimitar          |       |       |       |     2 ||     2
